 Dungeon Crawl Stone Soup version 0.30-b1-2-g02819fbbbe (webtiles) character file.

Game seed: 8676516204145499475

4012 Ashen the Ogre Mage (level 10, -2/100 HPs)
             Began as an Ogre Summoner on Sept 2, 2023.
             Was a Believer of Sif Muna.
             Slain by a vampire (6 damage)
             ... on level 9 of the Dungeon.
             The game lasted 00:33:51 (11581 turns).

Ashen the Ogre Mage (Ogre Summoner)                Turns: 11581, Time: 00:33:51

Health: -2/100     AC:  5    Str: 14    XL:     10   Next: 23%
Magic:  12/22      EV: 11    Int: 20    God:    Sif Muna [**....]
Gold:   1109       SH:  0    Dex:  9    Spells: 14/26 levels left

rFire   + . .        f - +4 giant club (spect)
rCold   + . .        (shield currently unavailable)
rNeg    . . .        y - +2 robe {rC+ rF+}
rPois   .            (helmet restricted)
rElec   .            (no cloak)
rCorr   .            (gloves unavailable)
SInv    .            (boots unavailable)
Will    +....        (no amulet)
Stlth   +            k - ring of wizardry
HPRegen 0.36/turn    (no ring)
MPRegen 0.18/turn

%: wizardry (x1)
@: no status effects
A: large, unfitting armour, tough skin 1
a: Renounce Religion, Channel Magic


You were on level 9 of the Dungeon.
You worshipped Sif Muna.
Sif Muna was pleased with you.
You visited 2 branches of the dungeon, and saw 10 of its levels.
You also visited: Ossuary.

You collected 1285 gold pieces.
You spent 176 gold pieces at shops.

Inventory:

Hand Weapons
 f - a +4 spectral giant club (weapon)
 s - a +2 giant spiked club
 w - a +6 short sword of venom
Armour
 y - a +2 robe of resistance (worn)
 A - +0 steam dragon scales
Jewellery
 k - a ring of wizardry (left hand)
 u - a ring of protection from fire
 E - a ring of protection from cold
Wands
 a - a wand of iceblast (14)
 p - a wand of paralysis (9)
 q - a wand of digging (5)
 B - a wand of flame (19)
Scrolls
 e - 2 scrolls of fear
 g - a scroll of amnesia
 h - 2 scrolls of identify
 j - 6 scrolls of teleportation
 r - a scroll of enchant armour
 t - a scroll of vulnerability
Potions
 b - 3 potions of magic
 c - a potion of lignification
 l - a potion of flight
 m - 3 potions of heal wounds
 n - 7 potions of brilliance
 o - 3 potions of haste
 v - 2 potions of invisibility
 z - a potion of cancellation
 C - a potion of mutation


   Skills:
 + Level 6.9 Fighting
 + Level 4.9 Maces & Flails
 + Level 5.2 Dodging
 - Level 1.4 Stealth
 * Level 8.9 Spellcasting
 * Level 8.0 Summonings


You had 14 spell levels left.
You knew the following spells:

 Your Spells              Type           Power      Damage    Failure   Level
b - Call Imp              Summ           82%        N/A       1%          2
c - Call Canine Familiar  Summ           41%        N/A       1%          3
d - Summon Guardian Gole  Hex/Summ       25%        N/A       1%          3
e - Summon Lightning Spi  Summ/Air       25%        N/A       6%          4

Your spell library contained the following spells:

 Spells                   Type           Power      Damage    Failure   Level
 Summon Small Mammal      Summ           100%       N/A       1%          1
 Blink                    Tloc           16%        N/A       4%          2
 Lesser Beckoning         Tloc           16%        N/A       4%          2
 Momentum Strike          Conj/Tloc      16%        3d8       4%          2
 Dazzling Flash           Conj/Hex       16%        N/A       10%         3
 Gell's Gravitas          Tloc           8%         N/A       10%         3
 Teleport Other           Tloc           8%         N/A       10%         3
 Volatile Blastmotes      Fire/Tloc      16%        2d11      10%         3
 Iskenderun's Mystic Bla  Conj/Tloc      8%         2d4       30%         4
 Starburst                Conj/Fire      4%         6d3       99%         6


Dungeon Overview and Level Annotations

Branches:
Dungeon (9/15)             Temple (1/1) D:4         Ossuary (visited)
   Lair: D:8-11         Orc: D:9-12

Altars:
Ashenzari
Cheibriados
Dithmenos
Elyvilon
Fedhas
Gozag
Hepliaklqana
Kikubaaqudgha
Makhleb
Nemelex Xobeh
Okawaru
Qazlal
Sif Muna
Trog
Uskayaw
Vehumet
Wu Jian
Xom
Yredelemnul
Zin
The Shining One

Shops:
D:5 **

Annotations:
D:5 2 transporters, Farlane's ghost, novice HOMo


Innate Abilities, Weirdness & Mutations

You are too large for most types of armour.
You have tough skin. (AC +1)


Message History

Confirm with . or Enter, or press ? or * to list all spells.
An electric hum fills the air.
Something hits your guardian golem! Something bites your guardian golem.
The wight hits your guardian golem but does no damage.
Your hound bites something.
Something hits your guardian golem!
Your guardian golem is destroyed!
Your guardian golem disappears in a puff of smoke!
Your hound bites something but does no damage.
You bludgeon the wight!!
You destroy the wight!
Sif Muna accepts your kill.
Your hound completely misses something.
Something hits you! Something bites you!
Something draws strength from your injuries!
Your hound bites something but does no damage.
You barely miss something.
Your +4 spectral giant club barely misses something.
Your hound closely misses something.
Something hits you but does no damage. Something bites you!
Something draws strength from your injuries!
Your hound closely misses something.
You barely miss something.
Your +4 spectral giant club closely misses something.
Your hound misses something. Something hits you but does no damage.
Something bites you.
Something draws strength from your injuries!
Your hound bites something.
Something hits you!
* * * LOW HITPOINT WARNING * * *
Something bites you!
* * * LOW HITPOINT WARNING * * *
Something draws strength from your injuries!
You sock something!
Your +4 spectral giant club closely misses something.
Your hound bites something but does no damage.
Your hound barely misses something.
Something hits you but does no damage. Something bites you!
* * * LOW HITPOINT WARNING * * *
Something draws strength from your injuries!
Something completely misses you. Something bites you.
You die...

#<...# #.....#..#.
........# .#.
#.......# #.
##..#.#.# #.
##.#.#.# #. #
..#.# #.
#..#.####.######.#
.....8(@......#
......h{.[..###
............#
............#
............#
............#
####...###.## #+#.
+#


You could see a friendly +4 spectral giant club, a friendly lightning spire
(summoned) and a friendly hound (summoned).

Vanquished Creatures
  A cyclops (D:7)
  2 steam dragons
  A water moccasin (D:6)
  3 ice beasts
  2 black bears
  An elf zombie (Ossuary)
  5 bullfrogs
  3 scorpions
  5 wights
  A killer bee (D:7)
  A howler monkey (D:7)
  A quasit (D:8)
  A gnoll bouda (D:8)
  2 centaur zombies (Ossuary)
  A jelly (D:5)
  A human zombie (Ossuary)
  5 hounds
  An iguana (D:7)
  2 sleepcaps
  2 mummies (Ossuary)
  2 adders (D:2)
  9 gnolls
  4 river rats (D:7)
  3 shadow imps (D:8)
  6 white imps
  2 ufetubi (D:8)
  2 worms
  3 dart slugs
  4 orcs
  11 ball pythons
  6 endoplasms
  2 giant cockroaches (D:1)
  3 goblins
  7 hobgoblins
  3 quokkas
  5 bats
  2 frilled lizards
  4 goblin zombies (Ossuary)
  9 hobgoblin zombies (Ossuary)
  A jackal zombie (Ossuary)
  5 kobolds
  9 kobold zombies (Ossuary)
  10 orc zombies (Ossuary)
  7 rats
160 creatures vanquished.

Vanquished Creatures (collateral kills)
  Edmund (D:5)
  A water moccasin (D:5)
  An ogre (D:4)
  A gnoll sergeant (D:8)
  2 scorpions (D:4)
  Dowan (D:4)
  2 killer bees (D:7)
  A howler monkey (D:6)
  A jelly (D:6)
  A hound (D:6)
  A sleepcap (D:6)
  An iguana (D:4)
  An orc wizard (D:4)
  5 adders
  7 gnolls
  A white imp (D:8)
  2 ufetubi (D:8)
  A dart slug (D:4)
  2 orcs
  3 goblins
  A kobold (D:4)
  A quokka (D:1)
  A frilled lizard (D:1)
  A rat (D:2)
40 creatures vanquished.

Vanquished Creatures (others)
  A wizard (D:4)
  Duvessa (D:5)
  An orc warrior (D:8)
  An iguana (D:5)
  4 orcs
  A demonic plant (D:8)
  36 plants
45 creatures vanquished.

Grand Total: 245 creatures vanquished

Notes
Turn   | Place    | Note
-------+----------+-------------------------------------------
     0 | D:1      | Ashen the Ogre Summoner began the quest for the Orb.
     0 | D:1      | Reached XP level 1. HP: 16/16 MP: 3/3
   258 | D:1      | Reached XP level 2. HP: 26/26 MP: 5/5
   775 | D:1      | HP: 1/26 [quokka (4)]
   935 | D:1      | Reached XP level 3. HP: 32/32 MP: 7/7
  1389 | D:2      | Found an opulent altar of Gozag.
  1420 | D:2      | Learned a level 2 spell: Call Imp
  1424 | D:2      | Learned a level 3 spell: Call Canine Familiar
  1553 | D:2      | Reached skill level 1 in Fighting
  1592 | D:2      | Reached XP level 4. HP: 33/41 MP: 2/8
  1596 | D:2      | Learned a level 3 spell: Summon Guardian Golem
  1606 | D:2      | Reached skill level 1 in Maces & Flails
  2190 | D:2      | Reached XP level 5. HP: 20/48 MP: 4/10
  2586 | D:3      | Found a sparkling altar of Nemelex Xobeh.
  3213 | D:4      | Found a bloodstained altar of Trog.
  3214 | D:4      | Noticed a wizard
  3219 | D:4      | Killed a wizard
  3358 | D:4      | Noticed an ice beast
  3546 | D:4      | Noticed an ogre
  3811 | D:4      | Reached XP level 6. HP: 58/58 MP: 8/12
  3953 | D:4      | Found a staircase to the Ecumenical Temple.
  4442 | Temple   | Entered the Ecumenical Temple
  4586 | D:5      | Entered Level 5 of the Dungeon
  4586 | D:5      | Noticed a black bear
  4593 | D:5      | Noticed Farlane's ghost (novice HOMo)
  4601 | D:5      | Killed a black bear
  4602 | D:5      | Reached skill level 5 in Summonings
  4623 | D:5      | Reached XP level 7. HP: 66/67 MP: 9/14
  4779 | D:5      | Reached skill level 5 in Spellcasting
  4787 | D:5      | HP: 3/67 [poisoned by a water moccasin]
  5261 | D:5      | Found a transporter.
  5264 | D:5      | Noticed Edmund
  5281 | D:5      | Found a transporter.
  5283 | D:5      | Killed Edmund
  5290 | D:5      | Noticed Duvessa
  5294 | D:5      | Noticed Dowan
  5404 | D:4      | HP: 3/68 [poisoned by a scorpion]
  5407 | D:4      | HP: 1/68 [poisoned by a scorpion]
  5652 | D:4      | Reached XP level 8. HP: 41/78 MP: 7/16
  5905 | D:5      | Killed Duvessa
  5941 | D:4      | Killed Dowan
  6347 | D:5      | Found a shimmering blue altar of Sif Muna.
  6357 | D:5      | Became a worshipper of Sif Muna the Loreminder
  6379 | D:5      | Found Xubbuise's General Store.
  6383 | D:5      | Found Hairchequ's Specific Store.
  6391 | D:5      | Bought a scroll of teleportation for 33 gold pieces
  6391 | D:5      | Bought a scroll of fear for 44 gold pieces
  6391 | D:5      | Bought a potion of degeneration for 11 gold pieces
  6391 | D:5      | Bought a potion of invisibility for 88 gold pieces
  6458 | D:5      | Found a shadowy altar of Dithmenos.
  6540 | D:6      | Learned a level 4 spell: Summon Lightning Spire
  6947 | D:6      | Reached skill level 5 in Fighting
  6954 | D:6      | HP: 4/80 [poisoned by a water moccasin]
  6959 | D:6      | HP: 1/80 [poisoned by a water moccasin]
  7328 | D:6      | Reached XP level 9. HP: 63/88 MP: 12/19
  7516 | D:6      | Identified 2 scrolls of acquirement
  7516 | D:6      | Acquired 667 gold pieces
  7518 | D:6      | Acquired a +4 spectral giant club
  7809 | D:6      | Found an ancient bone altar of Kikubaaqudgha.
  8048 | D:6      | Found a snail-covered altar of Cheibriados.
  8258 | D:7      | Found an iron altar of Okawaru.
  8284 | D:7      | Found a broken altar of Ashenzari.
  8425 | D:7      | Found a stormy altar of Qazlal.
  8430 | D:7      | Noticed a cyclops
  8442 | D:7      | Killed a cyclops
  8891 | D:7      | Reached * piety under Sif Muna
  9807 | D:8      | Found a sand-covered staircase.
  9812 | Ossuary  | Entered an ossuary
  9964 | Ossuary  | Reached ** piety under Sif Muna
 10036 | Ossuary  | Reached skill level 5 in Dodging
 10036 | Ossuary  | Reached XP level 10. HP: 84/100 MP: 22/22
 10144 | D:8      | Found a glowing golden altar of the Shining One.
 10674 | D:8      | Identified the +1 leather armour "Tiratiuc" {SInv}
 11580 | D:9      | HP: 4/100 [something (10)]
 11581 | D:9      | Slain by a vampire

Illustrated notes

Levels and vault maps discovered:
D:1:      wander_arrival_fairy_ring, layout_loops_ring, bh_walls_and_bars
D:2:      cheibrodos_old_hovel, layout_rooms, basic_altar, serial_park_tiny_1,
          kennysheep_generic_room_8
D:3:      layout_loops_ring, mainiacjoe_overflow_alcove_2
D:4:      layout_gridville, trog_wizard, minmay_temple_entry_antechambers,
          minivault_26, chequers_serial_rivers_micro_c,
          chequers_serial_rivers_small_3, kennysheep_opposing_triangles
D:5:      layout_rooms, mainiacjoe_overflow_concentric_impassable,
          mainiacjoe_overflow_chevrons, gammafunk_ghost_arena,
          nicolae_specific_store, uniq_duvessa, uniq_edmund
D:6:      layout_layer_cave, cheibrodos_worm_habitat, marbit_many_paths
D:7:      wad_woods_stonehenge, layout_basic, lemuel_tele_altar,
          mainiacjoe_overflow_brackets
D:8:      layout_gridville, lemuel_crystal_altar, enter_ossuary_5,
          serial_demonic, serial_demonic_b, serial_demonic_e, serial_demonic_c,
          serial_demonic_g, serial_demonic_a, serial_demonic_g,
          nicolae_figureground_pulse
D:9:      layout_basic, nicolae_ru_awakened_eye, enter_bailey_3, serial_shops,
          shop, fungi_pond_lemuel
Temple:   nicolae_temple_godzebo

Skill      XL: |  1  2  3  4  5  6  7  8  9 10 |
---------------+-------------------------------+-----
Summonings     | 4 5 6 7 8 |  8.0
Dodging        | 2 3 4 5 |  5.2
Spellcasting   | 3 4 5 6 8 |  8.9
Fighting       | 1 2 3 4 5 6 |  6.9
Maces & Flails | 1 2 3 4 |  4.9
Stealth        | |  1.4

Action                     |  1- 3 |  4- 6 |  7- 9 | 10-12 || total
---------------------------+-------+-------+-------+-------++-------
  Melee: Mace              |    97 |       |       |       ||    97
         Flail             |    15 |   113 |       |       ||   128
         Giant spiked club |       |    29 |    35 |       ||    64
         Short sword       |       |       |    83 |       ||    83
         Punch             |       |       |     2 |       ||     2
         Giant club        |       |       |   125 |    39 ||   164
   Cast: Summon Small Mamm |    16 |     2 |     2 |       ||    20
         Call Canine Famil |     3 |    13 |    32 |     3 ||    51
         Call Imp          |       |     4 |     6 |     1 ||    11
         Summon Guardian G |       |     2 |     9 |     3 ||    14
         Summon Lightning  |       |       |       |     2 ||     2
  Evoke: Wand              |       |       |     1 |       ||     1
    Use: Scroll            |       |       |    12 |     7 ||    19
   Stab: Sleeping          |     8 |     3 |       |       ||    11
         Distracted        |       |     1 |       |       ||     1
 Armour: Robe              |    42 |    54 |    65 |    15 ||   176
  Dodge: Dodged            |    81 |    96 |   130 |    38 ||   345
